 Dungeon Crawl Stone Soup version 0.18-b1-18-g7758cf2 (webtiles) character file.

28 Chiseanne the Magician (level 3, 13/24 HPs)
             Began as a Demonspawn Wizard on May 2, 2016.
             Quit the game on level 1 of the Dungeon.
             The game lasted 00:01:26 (705 turns).

Chiseanne the Magician (Demonspawn Wizard)           Turns: 705, Time: 00:01:27

Health: 13/24      AC:  2    Str:  7    XL:     3   Next: 0%
Magic:  8/8        EV: 12    Int: 20    God:
Gold:   22         SH:  0    Dex: 11    Spells: 1 memorised, 8 levels left

rFire  . . .     SeeInvis .     l - +0 spear
rCold  . . .     Gourm    .     a - +0 robe
rNeg   . . .     Faith    .     (no shield)
rPois  .         Spirit   .     b - +0 hat
rElec  .         Dismiss  .     (no cloak)
rCorr  .         Reflect  .     (no gloves)
SustAt .         Harm     .     (no boots)
MR     .....                    (no amulet)
Stlth  ++........               (no ring)
                                (no ring)

@: not resistant to hostile enchantments, unstealthy
A: antennae 1, spiny 1
a: no special abilities


You were on level 1 of the Dungeon.
You were not hungry.

You visited 1 branch of the dungeon, and saw 2 of its levels.

You collected 22 gold pieces.

Inventory:

Hand Weapons
 l - a +0 spear (weapon)
Missiles
 e - 18 sling bullets
Armour
 a - a +0 robe (worn)
 b - a +0 hat (worn)
Scrolls
 h - a scroll of teleportation {unknown}
Potions
 f - a potion of mutation {unknown}
 i - a potion of berserk rage {unknown}
Books
 c - a book of Minor Magic

   Spells                             Type                      Level
   a - Magic Dart                     Conjuration                  1
   b - Blink                          Translocation                2
   c - Call Imp                       Summoning                    2
   d - Repel Missiles                 Charms/Air                   2
   e - Slow                           Hexes                        2
   f - Conjure Flame                  Conjuration/Fire             3
   g - Mephitic Cloud                 Conjuration/Poison/Air       3
Comestibles
 d - a bread ration
 j - a meat ration
 k - a beef jerky


   Skills:
 - Level 1.7 Dodging
 - Level 1.7 Stealth
 * Level 3.5 Spellcasting
 * Level 2.2 Conjurations
   Level 1.0 Summonings
   Level 0.8 Translocations


You had 8 spell levels left.
You knew the following spells:

 Your Spells              Type           Power        Failure   Level  Hunger
a - Magic Dart            Conj           ##..         6%          1    None


Dungeon Overview and Level Annotations

Branches:
Dungeon (2/15)

Altars:


Innate Abilities, Weirdness & Mutations

You have a pair of small antennae on your head.
You are partially covered in sharp spines.


Message History

The jackal is almost dead.
The jackal bites you. x2
You closely miss the jackal.
The jackal is almost dead.
The jackal is struck by your spines.
You kill the jackal!
The jackal barely misses you. The jackal bites you.
You miss the jackal.
The jackal is almost dead.
The jackal bites you. The hobgoblin is struck by your spines.
The hobgoblin hits you with a club.
You hit the jackal.
You kill the jackal!
You have reached level 3!
Your experience leads to an increase in your attributes!
Increase (S)trength, (I)ntelligence, or (D)exterity?
You feel clever.
Your demonic ancestry asserts itself...
A pair of antennae grows on your head!
The hobgoblin hits you but does no damage.
Are you sure you want to abandon this character and quit the game? (Confirm with "yes".)

#.# #.# #[#
#.# #.# #.#
#### #.#
##.....
#.###.......
#...@.......
#####g......
.......
.......
.......
.......
#######


You could see a hobgoblin.

Vanquished Creatures
  An ooze (D:1)
  2 giant cockroaches (D:1)
  A goblin (D:1)
  2 hobgoblins (D:1)
  3 jackals (D:1)
  A ball python (D:1)
  A bat (D:1)
  A giant newt (D:1)
  A kobold (D:1)
  14 rats
27 creatures vanquished.

Notes
Turn   | Place    | Note
--------------------------------------------------------------
     0 | D:1      | Chiseanne the Demonspawn Wizard began the quest for the Orb.
     0 | D:1      | Reached XP level 1. HP: 13/13 MP: 4/4
   331 | D:1      | Gained mutation: You are partially covered in sharp spines. [demonic ancestry]
   331 | D:1      | Reached XP level 2. HP: 19/19 MP: 3/6
   704 | D:1      | Gained mutation: You have a pair of small antennae on your head. [demonic ancestry]
   704 | D:1      | Reached XP level 3. HP: 13/24 MP: 8/8
   705 | D:1      | Quit the game

Skill      XL: |  1  2 |
---------------+-------+-----
Conjurations   | 2 |  2.2
Dodging        | |  1.7
Stealth        | |  1.7
Spellcasting   | |  3.5
Summonings     | |  1.0
Translocations | |  0.8

Action                   || total
-------------------------++-------
Melee: Unarmed           ||     6
       Dagger            ||    12
       Spear             ||    18
 Cast: Magic Dart        ||    18
 Stab: Sleeping          ||     5
Armor: Robe              ||     6
Dodge: Dodged            ||    12
